 Dungeon Crawl Stone Soup version 0.29.1-1-gd02db6906a (console) character file.

Game seed: 2188463801235297391

208 om the Chiller (level 5, -2/41 HPs)
             Began as a Ghoul Ice Elementalist on Sept 27, 2022.
             Was a Priest of Vehumet.
             Slain by an orc wizard
             ... wielding a +0 dagger
              (4 damage)
             ... on level 3 of the Dungeon.
             The game lasted 00:08:19 (4480 turns).

om the Chiller (Ghoul Ice Elementalist)             Turns: 4480, Time: 00:08:20

Health: -2/41      AC:  2    Str: 12    XL:     5   Next: 86%
Magic:  5/7        EV: 12    Int: 12    God:    Vehumet [***...]
Gold:   157        SH:  0    Dex:  9    Spells: 0/9 levels left

rFire   . . .      SeeInvis .     - Unarmed
rCold   + . .      Faith    .   (no shield)
rNeg    + + +      Spirit   .   a - +0 robe
rPois   ∞          Reflect  .   (no helmet)
rElec   .          Harm     .   (no cloak)
rCorr   .          Rampage  .   (no gloves)
Will    .....                   (no boots)
Stlth   ++........              h - amulet of regeneration
HPRegen 0.00/turn               (no ring)
MPRegen 0.10/turn               (no ring)

@: inhibited regen
A: claws 1, cold resistance 1, negative energy resistance 3, inhibited
regeneration, torment resistance 2, devour on kill
a: Renounce Religion


You were on level 3 of the Dungeon.
You worshipped Vehumet.
Vehumet was most pleased with you.
You visited 1 branch of the dungeon, and saw 3 of its levels.

You collected 157 gold pieces.

Inventory:

Missiles
 i - a throwing net
Armour
 a - a +0 robe (worn)
Jewellery
 h - an amulet of regeneration (around neck)
Wands
 d - a wand of roots (8)
Potions
 b - 2 potions of magic
 c - a potion of curing {unknown}
 e - a potion of degeneration {unknown}
 f - a potion of brilliance {unknown}
 g - 2 potions of resistance
 j - a potion of lignification {unknown}


   Skills:
 + Level 1.7 Fighting
 + Level 3.0 Dodging
 * Level 3.9 Stealth
 + Level 1.4 Unarmed Combat
 * Level 2.5 Spellcasting
 * Level 0.2 Conjurations
 + Level 4.8 Ice Magic


You couldn't memorise any spells.
You knew the following spells:

 Your Spells              Type           Power      Damage    Failure   Level
a - Freeze                Ice            52%        1d7       1%          1
b - Searing Ray           Conj           4%         2d4       10%         2
c - Frozen Ramparts       Ice            26%        1d4       3%          3
d - Ozocubu's Armour      Ice            13%        N/A       11%         3

Your spell library contained the following spells:

 Spells                   Type           Power      Damage    Failure   Level
 Stone Arrow              Conj/Erth      2%         3d7       19%         3
 Hailstorm                Conj/Ice       7%         3d4       22%         4
 Olgreb's Toxic Radiance  Pois           1%         N/A       52%         4
 Ozocubu's Refrigeration  Ice            6%         4d8       99%         7
 Ignition                 Fire           0%         3d3       100%        8


Dungeon Overview and Level Annotations

Branches:
Dungeon (3/15)

Altars:
Vehumet
Xom

Annotations:
D:3 Sigmund


Innate Abilities, Weirdness & Mutations

You are immune to poison.
You have sharp fingernails.
Your flesh is cold resistant. (rC+)
You are immune to negative energy. (rN+++)
You do not regenerate when monsters are visible.
You are immune to unholy pain and torment.
You thrive by killing the living.


Message History

You feel better.
The wall freezes something but does no damage.
Something hits you but does no damage.
Your frozen ramparts will break if you move.
Continue?
Okay, then.
You closely miss something.
The wall freezes something.
Something hits you.
You closely miss something.
The wall freezes something.
Something hits you.
You scratch something but do no damage.
The frozen ramparts melt away.
Something hits you.
You closely miss something. Something hits you.
You scratch something. Something hits you.
You miss something. Something hits you.
You scratch something but do no damage.
You hear some strange, mumbled words.
You are confused.
Something hits you.
You see here a +0 hand axe.
You bump into the rock wall.
Something hits you.
You scratch something but do no damage. Something hits you.
* * * LOW HITPOINT WARNING * * *
You closely miss something. Something hits you.
* * * LOW HITPOINT WARNING * * *
You bump into the rock wall.
Something hits you.
* * * LOW HITPOINT WARNING * * *
Okay, then.
You're too confused to move!
Something hits you.
* * * LOW HITPOINT WARNING * * *
You miss something. Something hits you but does no damage.
You're too confused to move!
You feel less confused. Something hits you.
* * * LOW HITPOINT WARNING * * *
You miss something. Something hits you but does no damage.
You miss something. Something hits you.
* * * LOW HITPOINT WARNING * * *
Aiming: Fastroot
Press: ? - help, Shift-Dir - straight line, f - you The roots erupt in riotous growth!
Something hits you but does no damage. Something hits you.
You die...

.....###.....#.###.#.####
#.# ####.####...##)#
#......# #.# #
#......'###.# ###.##.# #
# # ##.^.^..# #.# #.##.#
# # #.^_^..# #.#####.##.#
# # #.^^^..###.......##.#
# #.......###########.#
#######......# #){.)..#.#
..........#.## #@####.#.#
#########...# #........#
##.#####..###.##
##########........#
.............###.##
###....###...# #...
...#..#...#..# #####
.⌠.#..#.⌠.#..#
...#~~#...#..#


There were no monsters in sight!

Vanquished Creatures
  Natasha (thrice) (D:2)
  5 adders (D:2)
  4 worms
  4 dart slugs
  6 orcs (D:3)
  5 ball pythons
  An endoplasm (D:1)
  3 giant cockroaches
  3 goblins (D:1)
  6 hobgoblins
  5 quokkas
  5 bats
  3 frilled lizards
  12 kobolds
  3 rats
  A spectral kobold (D:1)
69 creatures vanquished.

Notes
Turn   | Place    | Note
-------+----------+-------------------------------------------
     0 | D:1      | om the Ghoul Ice Elementalist began the quest for the Orb.
     0 | D:1      | Reached XP level 1. HP: 14/14 MP: 2/2
    55 | D:1      | Found a faded altar of an unknown god.
    88 | D:1      | Prayed at the altar of an unknown god.
    88 | D:1      | Became a worshipper of Vehumet
    88 | D:1      | Reached * piety under Vehumet
    88 | D:1      | Offered knowledge of Foxfire by Vehumet.
   409 | D:1      | Reached XP level 2. HP: 15/20 MP: 3/3
  1160 | D:1      | You fall into a shaft and drop 1 floor!
  1342 | D:2      | Reached ** piety under Vehumet
  1621 | D:1      | Reached XP level 3. HP: 23/26 MP: 3/5
  1698 | D:1      | Offered knowledge of Searing Ray by Vehumet.
  1702 | D:1      | Learned a level 2 spell: Searing Ray
  1706 | D:1      | Learned a level 3 spell: Frozen Ramparts
  2218 | D:2      | Noticed Natasha
  2234 | D:2      | Killed Natasha
  2235 | D:2      | Reached skill level 1 in Fighting
  2235 | D:2      | Reached XP level 4. HP: 34/35 MP: 2/6
  2647 | D:2      | Noticed Natasha
  2654 | D:2      | Killed Natasha
  2655 | D:2      | Reached skill level 1 in Unarmed Combat
  2741 | D:2      | Noticed Natasha
  2750 | D:2      | Killed Natasha
  2751 | D:2      | Reached XP level 5. HP: 20/40 MP: 4/7
  2755 | D:2      | HP: 2/40 [adder (3)]
  2763 | D:2      | HP: 2/40 [quokka (5)]
  3956 | D:3      | Noticed Sigmund
  4053 | D:3      | Offered knowledge of Stone Arrow by Vehumet.
  4090 | D:3      | Reached *** piety under Vehumet
  4113 | D:3      | Found a shimmering altar of Xom.
  4203 | D:3      | Learned a level 3 spell: Ozocubu's Armour
  4478 | D:3      | HP: 2/41 [something (1)]
  4480 | D:3      | Slain by an orc wizard

Illustrated notes

Levels and vault maps discovered:
D:1:      shiori_arrival_elements, layout_loops_ring,
          dreamdust_ecumenical_altar_drowned_temple
D:2:      minmay_chambers_of_ones, layout_basic, uniq_natasha
D:3:      layout_loops_corners, xom_teletrap_fun, fountainhead, uniq_sigmund

Skill      XL: |  1  2  3  4  5 |
---------------+----------------+-----
Dodging        | 2 3 |  3.0
Spellcasting   | 2 |  2.5
Stealth        | 3 |  3.9
Fighting       | 1 |  1.7
Unarmed Combat | 1 |  1.4
Conjurations   | |  0.2
Ice Magic      | |  4.8

Action                   |  1- 3 |  4- 6 || total
-------------------------+-------+-------++-------
Melee: Unarmed           |    84 |   127 ||   211
       Punch             |     1 |     2 ||     3
 Cast: Freeze            |    29 |    50 ||    79
       Frozen Ramparts   |       |     2 ||     2
Evoke: Wand              |       |     1 ||     1
  Use: Scroll            |     5 |     4 ||     9
       Potion            |       |     4 ||     4
 Stab: Sleeping          |     3 |     7 ||    10
Armor: Robe              |    16 |    25 ||    41
Dodge: Dodged            |    73 |   102 ||   175
